3L
PITTSBURGH KINGFISHERS @ OAKLAND OAKS
08/21/2042
 
TOP OF THE 1ST
Pittsburgh Kingfishers batting - Pitching for Oakland Oaks : RHP Charlie Hilder
Pitching: RHP Charlie Hilder
Batting: LHB Rafael Abasto 0-0: Fly out, F9 (Flyball, 89M, EV 86.9 MPH)
Batting: LHB Danny Trautmann 0-0: Ball
1-0: Called Strike
1-1: Ball
2-1: DOUBLE (Line Drive, 7LS, EV 110.0 MPH)
Batting: RHB Kjartan Einarsson 0-0: Ground out 3-1 (Groundball, 34, EV 80.0 MPH)
Danny Trautmann to third
Batting: LHB Naganori Inoue 0-0: Ball
1-0: Called Strike
1-1: Ball
2-1: Swinging Strike
2-2: Foul Ball, location: 2F
2-2: Hit by Pitch
Batting: RHB Rob Brooks 0-0: Called Strike
0-1: Ball
1-1: Ball
Naganori Inoue steals 2nd base
2-1: Foul Ball, location: 2F
2-2: Ball
3-2: Base on Balls
Batting: RHB Loring Rommel 0-0: Swinging Strike
0-1: Foul Ball, location: 2F
0-2: Ball
1-2: Ball
2-2: Ball
3-2: Fly out, F5 (Popup, 56S, EV 73.8 MPH)
Top of the 1st over - 0 runs, 1 hit, 0 errors, 3 left on base; Pittsburgh 0 - Oakland 0
BOTTOM OF THE 1ST
Oakland Oaks batting - Pitching for Pittsburgh Kingfishers : RHP Jared LaBarge
Pitching: RHP Jared LaBarge
Batting: SHB Rafael Bregonzi 0-0: Ball
1-0: Ball
2-0: Ball
3-0: Called Strike
3-1: Base on Balls
Batting: LHB Phillip White 0-0: Ball
1-0: Fly out, F7 (Flyball, 78M, EV 96.9 MPH)
Batting: RHB Johnny Jones 0-0: Called Strike
0-1: Ball
1-1: Ball
Pickoff Throw to First - Out! 1-3
2-1: Foul Ball, location: 2F
2-2: Fly out, F7 (Flyball, 7LSF, EV 91.2 MPH)
Bottom of the 1st over - 0 runs, 0 hits, 0 errors, 0 left on base; Pittsburgh 0 - Oakland 0
TOP OF THE 2ND
Pittsburgh Kingfishers batting - Pitching for Oakland Oaks : RHP Charlie Hilder
Pitching: LHP Cory bin Nasir al Din
Batting: RHB Tony Hernández 0-0: Called Strike
0-1: Ball
1-1: Fly out, F9 (Flyball, 9S, EV 85.0 MPH)
Batting: RHB Koi-sho Xú 0-0: Called Strike
0-1: Called Strike
0-2: Strikes out swinging
Batting: SHB Hong-bo Zhui 0-0: Ball
1-0: Ball
2-0: Ball
3-0: Base on Balls
Batting: LHB Rafael Abasto 0-0: Called Strike
0-1: Ball
1-1: Ground out 1-3 (Groundball, 34S, EV 90.6 MPH)
Top of the 2nd over - 0 runs, 0 hits, 0 errors, 1 left on base; Pittsburgh 0 - Oakland 0
BOTTOM OF THE 2ND
Oakland Oaks batting - Pitching for Pittsburgh Kingfishers : RHP Jared LaBarge
Batting: LHB Norbert Ingalsbe 0-0: Ball
1-0: Called Strike
1-1: Ground out 1-3 (Groundball, P, EV 76.2 MPH)
Batting: RHB Sebastian Franke 0-0: Ball
1-0: Foul Ball, location: 2F
1-1: Foul Ball, location: 2F
1-2: Ball
2-2: SINGLE (Groundball, 4MD, EV 107.5 MPH)
Batting: LHB Dan Hines 0-0: Swinging Strike
0-1: Ball
1-1: Ball
2-1: Foul Ball, location: 2F
2-2: Foul Ball, location: 2F
2-2: Ball
3-2: 2-RUN HOME RUN (Flyball, 9LD, EV 96.9 MPH), Distance : 343 ft
Batting: RHB Nicodemo Nardone 0-0: SINGLE (Groundball, 4MD, EV 97.5 MPH)
Batting: SHB Doug Watson 0-0: Ball
1-0: Ball
2-0: Called Strike
2-1: Foul Ball, location: 2F
2-2: Strikes out swinging
Batting: RHB Cornelius Adkison 0-0: Called Strike
0-1: Foul Ball, location: 2F
0-2: Foul Ball, location: 2F
0-2: Foul Ball, location: 2F
0-2: Foul Ball, location: 2F
0-2: Reached on error, E5 (Groundball, 56, EV 84.4 MPH)
Nicodemo Nardone to second
Batting: SHB Rafael Bregonzi 0-0: Ball
1-0: Foul Ball, location: 2F
1-1: Ball
2-1: Foul Ball, location: 2F
2-2: Foul Ball, location: 2F
2-2: Ground out U3 (Groundball, 3, EV 78.1 MPH)
Bottom of the 2nd over - 2 runs, 3 hits, 1 error, 2 left on base; Pittsburgh 0 - Oakland 2
TOP OF THE 3RD
Pittsburgh Kingfishers batting - Pitching for Oakland Oaks : LHP Cory bin Nasir al Din
Batting: LHB Danny Trautmann 0-0: Called Strike
0-1: Ball
1-1: Fly out, F6 (Popup, 6M, EV 71.2 MPH)
Batting: RHB Kjartan Einarsson 0-0: Ball
1-0: Ball
2-0: Ball
3-0: Base on Balls
Batting: LHB Naganori Inoue 0-0: SINGLE (Line Drive, 8RS, EV 108.8 MPH)
Kjartan Einarsson to second
Batting: RHB Rob Brooks 0-0: Fly out, F7 (Flyball, 7LD, EV 103.1 MPH)
Runner from 2nd tags up, SAFE at 3rd, no throw by LF
Batting: RHB Loring Rommel 0-0: Ball
1-0: Ball
2-0: Called Strike
2-1: Ground out 5-3 (Groundball, 5S, EV 86.9 MPH)
Top of the 3rd over - 0 runs, 1 hit, 0 errors, 2 left on base; Pittsburgh 0 - Oakland 2
BOTTOM OF THE 3RD
Oakland Oaks batting - Pitching for Pittsburgh Kingfishers : RHP Jared LaBarge
Batting: LHB Phillip White 0-0: Ground out 6-3 (Groundball, 6M, EV 86.9 MPH)
Batting: RHB Johnny Jones 0-0: Ball
1-0: Ball
2-0: Swinging Strike
2-1: Ball
3-1: Foul Ball, location: 2F
3-2: Strikes out swinging
Batting: LHB Norbert Ingalsbe 0-0: Ball
1-0: Called Strike
1-1: Ball
2-1: Foul Ball, location: 2F
2-2: Foul Ball, location: 2F
2-2: SOLO HOME RUN (Flyball, 89XD, EV 93.8 MPH), Distance : 395 ft
Batting: RHB Sebastian Franke 0-0: Called Strike
0-1: Ball
1-1: Ball
2-1: Fly out, F9 (Flyball, 89XD, EV 98.8 MPH)
Bottom of the 3rd over - 1 run, 1 hit, 0 errors, 0 left on base; Pittsburgh 0 - Oakland 3
TOP OF THE 4TH
Pittsburgh Kingfishers batting - Pitching for Oakland Oaks : LHP Cory bin Nasir al Din
Batting: RHB Tony Hernández 0-0: Swinging Strike
0-1: Foul Ball, location: 2F
0-2: Ball
1-2: Ball
2-2: Ball
3-2: Foul Ball, location: 2F
3-2: Strikes out looking
Batting: RHB Koi-sho Xú 0-0: Ball
1-0: Ball
2-0: Called Strike
2-1: Ball
3-1: Fly out, F8 (Flyball, 8RM, EV 93.8 MPH)
Batting: SHB Hong-bo Zhui 0-0: Fly out, F8 (Flyball, 8RS, EV 76.2 MPH)
Top of the 4th over - 0 runs, 0 hits, 0 errors, 0 left on base; Pittsburgh 0 - Oakland 3
BOTTOM OF THE 4TH
Oakland Oaks batting - Pitching for Pittsburgh Kingfishers : RHP Jared LaBarge
Batting: LHB Dan Hines 0-0: Called Strike
0-1: Ball
1-1: Ball
2-1: Foul Ball, location: 2F
2-2: Ball
3-2: Ground out 4-3 (Groundball, 4, EV 85.0 MPH)
Batting: RHB Nicodemo Nardone 0-0: Ball
1-0: Foul Ball, location: 2F
1-1: SINGLE (Groundball, 56D, EV 108.8 MPH)
Batting: SHB Doug Watson 0-0: Called Strike
0-1: Ball
1-1: Ball
Wild Pitch!
Nicodemo Nardone to second
2-1: Foul Ball, location: 2F
2-2: Foul Ball, location: 2F
2-2: Strikes out looking
Batting: RHB Cornelius Adkison 0-0: Ball
1-0: Called Strike
1-1: Ball
2-1: Foul Ball, location: 2F
2-2: Ball
3-2: Foul Ball, location: 2F
3-2: Base on Balls
Batting: SHB Rafael Bregonzi 0-0: Ball
1-0: Ball
2-0: Foul Ball, location: 2F
2-1: Foul Ball, location: 2F
2-2: Foul Ball, location: 2F
2-2: Fly out, F8 (Line Drive, 8RM, EV 93.1 MPH)
Bottom of the 4th over - 0 runs, 1 hit, 0 errors, 2 left on base; Pittsburgh 0 - Oakland 3
TOP OF THE 5TH
Pittsburgh Kingfishers batting - Pitching for Oakland Oaks : LHP Cory bin Nasir al Din
Batting: LHB Rafael Abasto 0-0: Called Strike
0-1: Foul Ball, location: 2F
0-2: Ball
1-2: Ball
2-2: SINGLE (Line Drive, 56D, EV 97.5 MPH)
Batting: LHB Danny Trautmann 0-0: Called Strike
0-1: Swinging Strike
0-2: 2-RUN HOME RUN (Line Drive, 9D, EV 100.0 MPH), Distance : 398 ft
Batting: RHB Kjartan Einarsson 0-0: Ball
1-0: Called Strike
1-1: SINGLE (Groundball, 56D, EV 109.4 MPH)
Batting: LHB Naganori Inoue 0-0: Ball
1-0: Ball
2-0: SINGLE (Line Drive, 56, EV 106.2 MPH)
Kjartan Einarsson to second
Batting: RHB Rob Brooks 0-0: Ball
1-0: 3-RUN HOME RUN (Flyball, 7D, EV 99.4 MPH), Distance : 384 ft
Pitching: LHP Manny Burgos
Batting: RHB Loring Rommel 0-0: Ball
1-0: Ball
2-0: Called Strike
2-1: Ground out 5-3 (Groundball, 56S, EV 85.0 MPH)
Batting: RHB Tony Hernández 0-0: Ball
1-0: Ball
2-0: Foul Ball, location: 2F
2-1: Swinging Strike
2-2: Ball
3-2: Foul Ball, location: 2F
3-2: Base on Balls
Batting: RHB Koi-sho Xú 0-0: Ball
1-0: Ball
2-0: Fielders Choice at 2nd, 1-6 (Groundball, 13, EV 68.1 MPH)
Batting: SHB Hong-bo Zhui 0-0: Fielders Choice at 2nd, U4 (Groundball, 4M, EV 93.1 MPH)
Top of the 5th over - 5 runs, 5 hits, 0 errors, 1 left on base; Pittsburgh 5 - Oakland 3
BOTTOM OF THE 5TH
Oakland Oaks batting - Pitching for Pittsburgh Kingfishers : RHP Jared LaBarge
Pitching: RHP Kenny Aarnoutse
Batting: LHB Phillip White 0-0: Ground out U3 (Groundball, 3L, EV 91.9 MPH)
Batting: RHB Johnny Jones 0-0: Swinging Strike
0-1: Ball
1-1: SINGLE (Groundball, 6D, EV 110.0 MPH)
Batting: LHB Norbert Ingalsbe 0-0: Ball
1-0: Ball
2-0: Ball
3-0: Base on Balls
Johnny Jones to second
Batting: RHB Sebastian Franke 0-0: Called Strike
0-1: Foul Ball, location: 2F
0-2: Ball
1-2: Strikes out looking
Batting: LHB Dan Hines 0-0: Called Strike
0-1: Ball
1-1: Fly out, F6 (Line Drive, 6, EV 73.8 MPH)
Bottom of the 5th over - 0 runs, 1 hit, 0 errors, 2 left on base; Pittsburgh 5 - Oakland 3
TOP OF THE 6TH
Pittsburgh Kingfishers batting - Pitching for Oakland Oaks : LHP Manny Burgos
Batting: LHB Rafael Abasto 0-0: Ball
1-0: Ball
2-0: Fly out, F9 (Flyball, 9D, EV 98.8 MPH)
Batting: LHB Danny Trautmann 0-0: Ground out 6-3 (Groundball, 6M, EV 85.0 MPH)
Batting: RHB Kjartan Einarsson 0-0: Fly out, F7 (Flyball, 78M, EV 80.0 MPH)
Top of the 6th over - 0 runs, 0 hits, 0 errors, 0 left on base; Pittsburgh 5 - Oakland 3
BOTTOM OF THE 6TH
Oakland Oaks batting - Pitching for Pittsburgh Kingfishers : RHP Kenny Aarnoutse
Batting: RHB Nicodemo Nardone 0-0: Ground out 5-3 (Groundball, 5, EV 109.4 MPH)
Batting: SHB Doug Watson 0-0: Swinging Strike
0-1: Ball
1-1: Fly out, F9 (Line Drive, 9, EV 108.1 MPH)
Batting: RHB Cornelius Adkison 0-0: Ground out 6-3 (Groundball, 6M, EV 103.8 MPH)
Bottom of the 6th over - 0 runs, 0 hits, 0 errors, 0 left on base; Pittsburgh 5 - Oakland 3
TOP OF THE 7TH
Pittsburgh Kingfishers batting - Pitching for Oakland Oaks : LHP Manny Burgos
Batting: LHB Naganori Inoue 0-0: Ball
1-0: SINGLE (Groundball, 4MD, EV 95.0 MPH)
Batting: RHB Rob Brooks 0-0: Fly out, F8 (Flyball, 8RM, EV 85.0 MPH)
Batting: RHB Loring Rommel 0-0: Ball
1-0: Called Strike
1-1: Ball
2-1: Fly out, F2 (Popup, 23F, EV 86.9 MPH)
Batting: RHB Tony Hernández 0-0: Called Strike
Naganori Inoue is caught stealing 2nd base 2-4
Top of the 7th over - 0 runs, 1 hit, 0 errors, 0 left on base; Pittsburgh 5 - Oakland 3
BOTTOM OF THE 7TH
Oakland Oaks batting - Pitching for Pittsburgh Kingfishers : RHP Kenny Aarnoutse
Batting: SHB Rafael Bregonzi 0-0: Ball
1-0: Called Strike
1-1: Foul Ball, location: 2F
1-2: Foul Ball, location: 2F
1-2: SINGLE (Groundball, 6MD, EV 93.8 MPH)
Batting: LHB Phillip White 0-0: Called Strike
0-1: Ball
1-1: Foul Ball, location: 2F
1-2: Ball
2-2: 2-RUN HOME RUN (Flyball, 78XD, EV 100.6 MPH), Distance : 429 ft
Batting: RHB Johnny Jones 0-0: Ball
1-0: Foul Ball, location: 2F
1-1: Foul Ball, location: 2F
1-2: Strikes out looking
Batting: LHB Norbert Ingalsbe 0-0: Fly out, F3 (Line Drive, 3, EV 65.0 MPH)
Batting: RHB Sebastian Franke 0-0: Ball
1-0: Called Strike
1-1: Foul Ball, location: 2F
1-2: Foul Ball, location: 2F
1-2: Fly out, F9 (Flyball, 9LS, EV 86.9 MPH)
Bottom of the 7th over - 2 runs, 2 hits, 0 errors, 0 left on base; Pittsburgh 5 - Oakland 5
TOP OF THE 8TH
Pittsburgh Kingfishers batting - Pitching for Oakland Oaks : LHP Manny Burgos
Batting: RHB Tony Hernández 0-0: Ball
1-0: Ball
2-0: Ball
3-0: Base on Balls
Pitching: RHP Hendrikjan Zweers
Batting: RHB Koi-sho Xú 0-0: Ball
1-0: Called Strike
1-1: Foul Ball, location: 2F
1-2: Strikes out swinging
Tony Hernández steals 2nd base
Batter strikes out.
Batting: SHB Hong-bo Zhui 0-0: Ball
1-0: Ground out 1-3 (Groundball, 13, EV 89.4 MPH)
Tony Hernández to third
Batting: LHB Rafael Abasto 0-0: SINGLE (Groundball, 34D, EV 100.6 MPH)
Tony Hernández scores
Batting: LHB Danny Trautmann Pickoff Throw to First - Out! 1-3
Top of the 8th over - 1 run, 1 hit, 0 errors, 0 left on base; Pittsburgh 6 - Oakland 5
BOTTOM OF THE 8TH
Oakland Oaks batting - Pitching for Pittsburgh Kingfishers : RHP Kenny Aarnoutse
Pitching: LHP Joe Khokar
Batting: LHB Dan Hines 0-0: Foul Ball, location: 2F
0-1: Ball
1-1: Swinging Strike
1-2: Ball
2-2: Ground out 4-3 (Groundball, 4, EV 88.1 MPH)
Batting: RHB Nicodemo Nardone 0-0: Called Strike
0-1: Ball
1-1: Swinging Strike
1-2: Fly out, F4 (Line Drive, 4, EV 68.1 MPH)
Batting: SHB Doug Watson 0-0: Foul Ball, location: 2F
0-1: Called Strike
0-2: Ball
1-2: Foul Ball, location: 2F
1-2: Ball
2-2: Foul Ball, location: 2F
2-2: Foul Ball, location: 2F
2-2: Fly out, F9 (Line Drive, 9, EV 99.4 MPH)
Bottom of the 8th over - 0 runs, 0 hits, 0 errors, 0 left on base; Pittsburgh 6 - Oakland 5
TOP OF THE 9TH
Pittsburgh Kingfishers batting - Pitching for Oakland Oaks : RHP Hendrikjan Zweers
Batting: LHB Danny Trautmann 0-0: Ball
1-0: Called Strike
1-1: Foul Ball, location: 2F
1-2: Ball
2-2: SOLO HOME RUN (Flyball, 7D, EV 94.4 MPH), Distance : 392 ft
Batting: RHB Kjartan Einarsson 0-0: Ball
1-0: Foul Ball, location: 2F
1-1: Foul Ball, location: 2F
1-2: Ball
2-2: Fly out, F8 (Flyball, 8RM, EV 88.1 MPH)
Batting: LHB Naganori Inoue 0-0: Ball
1-0: Fly out, F5 (Popup, 5DF, EV 51.2 MPH)
Batting: RHB Rob Brooks 0-0: Called Strike
0-1: SINGLE (Groundball, 56D, EV 104.4 MPH)
Batting: RHB Loring Rommel 0-0: Called Strike
0-1: Fly out, F3 (Popup, 3SF, EV 68.1 MPH)
Top of the 9th over - 1 run, 2 hits, 0 errors, 1 left on base; Pittsburgh 7 - Oakland 5
BOTTOM OF THE 9TH
Oakland Oaks batting - Pitching for Pittsburgh Kingfishers : LHP Joe Khokar
Now at 1B: Adam Smith
Batting: RHB Cornelius Adkison 0-0: Ball
1-0: Foul Ball, location: 2F
1-1: Ball
2-1: Ball
3-1: Foul Ball, location: 2F
3-2: SINGLE (Groundball, 34D, EV 102.5 MPH)
Batting: SHB Rafael Bregonzi 0-0: Fly out, F8 (Line Drive, 8LD, EV 105.0 MPH)
Batting: LHB Phillip White 0-0: Foul Ball, location: 2F
0-1: Called Strike
0-2: Ball
1-2: Strikes out swinging
Batting: RHB Johnny Jones 0-0: Ball
1-0: Fly out, F8 (Flyball, 8LD, EV 100.6 MPH)
Bottom of the 9th over - 0 runs, 1 hit, 0 errors, 1 left on base; Pittsburgh 7 - Oakland 5
Friday, March 26th, 2021 - OOTP Baseball 20.8 Build 74